Cogmind - Beta 15 @@@ ROGUE MODE // 2025.08.09 @ 19:40:21 Player: puppuppit Result: Destroyed by D-53 Grenadier with Mini Grenade Launcher Performance ------------- Evolutions (0) 0 Regions Visited (2) 400 Robots Destroyed (46) 230 Value Destroyed (825) 825 Prototype IDs (0) 0 Alien Tech Used (0) 0 Bonus (25) 25 TOTAL SCORE: 1480 Bonus ------- Follower Combat Kills 25 Cogmind --------- Core Integrity 0/250 Matter 245/300 Energy 250/250 System Corruption 0% Temperature Cool (0) Movement Treading (240) Ox1 Location -10/Mines Parts ------- > --- POWER (1) -------- Ion Engine > --- PROPULSION (2) --- Light Treads > --- UTILITY (2) ------ Large Storage Unit Weapon Shielding > --- WEAPON (2) ------- Assault Rifle Light Assault Rifle > --- INVENTORY (15) --- Light Nuclear Core Light Treads High-capacity Matter Pod (200) High-capacity Matter Pod (200) Improved Terrain Scanner Tractor Beam Light Assault Rifle Light Assault Rifle Light Assault Rifle Light Assault Rifle Light Assault Rifle Peak State ------------ > --- POWER ------------ Light Nuclear Core > --- PROPULSION ------- Light Treads Light Treads > --- UTILITY ---------- Small Storage Unit Hacking Suite > --- WEAPON ----------- Light Assault Rifle Light Assault Rifle > --- INVENTORY -------- Light Treads Light Treads Light Treads High-capacity Matter Pod High-capacity Matter Pod Tractor Beam Light Assault Rifle Light Assault Rifle [Rating: 11] Favorites ----------- Power Ion Engine Engine Ion Engine Power Core Light Nuclear Core Propulsion Light Treads Treads Light Treads Utility Hacking Suite Device Improved Terrain Scanner Storage Large Storage Unit Hackware Hacking Suite Protection Propulsion Shielding Weapon Light Assault Rifle Ballistic Gun Light Assault Rifle Build | -11 -10 -10 ------- Run | Yrd Mat Min Slots Evolved . | . . . Power . | . . . Propulsion . | . . . Utility . | . . . Weapon . | . . . Parts Attached 24 | 7 15 2 Power 5 | 1 4 . Engine 3 | 1 2 . Core 2 | . 2 . Reactor . | . . . Propulsion 5 | 2 3 . Treads 5 | 2 3 . Leg . | . . . Wheel . | . . . Hover . | . . . Flight . | . . . Utility 8 | 2 5 1 Device 1 | 1 . . Storage 4 | 1 3 . Processor . | . . . Hackware 1 | . 1 . Protection 2 | . 1 1 Artifact . | . . . Weapon 6 | 2 3 1 Energy Gun . | . . . Energy Cannon . | . . . Ballistic Gun 6 | 2 3 1 Ballistic Cannon . | . . . Launcher . | . . . Special Weapon . | . . . Impact Weapon . | . . . Slashing Weapon . | . . . Piercing Weapon . | . . . Special Melee Weapon . | . . . Unidentified Prototypes . | . . . Parts Lost 8 | . 7 1 Power 3 | . 3 . Propulsion 3 | . 2 1 Utility 1 | . 1 . Weapon 1 | . 1 . Highest Loss Streak 2 | . 2 1 To Critical Strikes . | . . . Average Backups 8 | 1 8 11 Power . | . . . Propulsion 1 | . 1 1 Utility 3 | . 3 4 Weapon 3 | . 3 5 Tool/Special . | . . . Unused Backups 7 | . 3 4 Power 1 | . . 1 Propulsion . | . . . Utility 4 | . 3 1 Weapon 2 | . . 2 Tool/Special . | . . . Average Slot Usage (%) 98 | . 98 100 Engine 11 | . 11 14 Core 1 | . 1 . Treads 27 | . 27 28 Device 2 | . 2 . Storage 15 | . 15 14 Hackware 8 | . 7 13 Protection 1 | . 1 . Ballistic Gun 28 | . 28 28 Peak Build Rating 11 | 9 11 10 Average Rating 9 | 6 9 9 On Entrance 6 | . 9 10 Naked Turns . | . . . Heaviest Build 28 | 13 28 28 Greatest Support 40 | 40 40 40 Greatest Overweight (x) . | . . . Average Overweight (x) . | . . . Largest Inventory Capacity 15 | 8 15 15 Average Capacity 11 | 7 11 15 Most Carried 12 | 3 11 12 Average Carried 8 | 1 8 11 Final Capacity 15 | 8 15 15 Final Carried 11 | 3 11 11 Class Distribution -------------------- 56% | Mutant 43% | Scavenger-Mutant Dominant Class ---------------- Scavenger-Mutant | -10/Materials Mutant | -10/Mines Resources | -11 -10 -10 ----------- Run | Yrd Mat Min Matter Collected 1473 | 445 980 48 Remotely . | . . . Salvage Created 1694 | 186 1400 108 Parts 98 | 15 80 3 Haulers Intercepted 2 | . 2 . Recyclers Shooed 6 | . 5 1 Parts Field Recycled . | . . . Retrieved Matter . | . . . Parts Self-Destructed . | . . . Prevented . | . . . Kills | -11 -10 -10 ------- Run | Yrd Mat Min Combat Hostiles Destroyed 23 | . 22 1 Guns 23 | . 22 1 Classes Destroyed 9 | 3 6 . Worker 5 | 2 3 . Builder 1 | . 1 . Tunneler 4 | 3 1 . Hauler 2 | . 2 . Recycler 7 | 1 5 1 Operator 1 | . 1 . Watcher 3 | . 3 . Swarmer 6 | . 6 . Grunt 17 | . 16 1 Best Kill Streak 4 | 4 4 1 Combat Bots Only 4 | . 4 1 Max Kills in Single Turn 1 | 1 1 1 Gunslinging . | . . . Exploded . | . . . Melee . | . . . Uniques/NPCs Destroyed . | . . . Combat | -11 -10 -10 -------- Run | Yrd Mat Min Hostile Shots Fired 161 | . 152 9 Missed 40 | . 39 1 Hits 121 | . 113 8 Projectile 121 | . 113 8 AOE 4 | . . 4 Critical Strikes 1 | . 1 . Damage Taken 1429 | . 1209 220 Core 268 | . 198 70 Absorbed by Shields . | . . . Redirected to Shielding 59 | . 51 8 Regen/Repaired (Parts) 137 | . 137 . Core Remaining (%) 100 | 100 . . Volleys Fired 218 | 14 182 22 Largest 2 | 2 2 2 Hottest 40 | 40 40 40 Shots Fired 436 | 28 364 44 Gun 436 | 28 364 44 Cannon . | . . . Launcher . | . . . Special . | . . . Kinetic 436 | 28 364 44 Thermal . | . . . Explosive . | . . . Electromagnetic . | . . . Robot Hit Streak 18 | 5 18 6 Robot Miss Streak 5 | 2 5 3 Penetration Max . | . . . Secondary Targets 3 | . 2 1 Max Gunslinging Chain 1 | . 1 1 Shots Hit Robots 265 | 16 221 28 Core Hits 106 | 9 86 11 Critical Kills 1 | 1 . . Critical Parts Destroyed 1 | . 1 . Critical Strikes 2 | 1 1 . Destroy 2 | 1 1 . Melee Attacks . | . . . Impact . | . . . Slashing . | . . . Piercing . | . . . Sneak Attacks . | . . . Combat Hostiles . | . . . Follow-up Attacks . | . . . Damage Inflicted 2395 | 134 1975 286 Guns 2395 | 134 1975 286 Cannons . | . . . Explosions . | . . . Melee . | . . . Ramming . | . . . Kinetic 2395 | 134 1975 286 Thermal . | . . . Explosive . | . . . Electromagnetic . | . . . Impact . | . . . Slashing . | . . . Piercing . | . . . Highest Corruption . | . . . Average Corruption . | . . . Corruption Purged . | . . . Corruption Blocked . | . . . Overload Shots . | . . . Overflow Damage . | . . . Projectiles . | . . . Explosions . | . . . Melee . | . . . Knockbacks . | . . . Impact . | . . . Kinetic . | . . . Secondary . | . . . Self-Inflicted Damage . | . . . Shots . | . . . Rammed . | . . . Targets Rammed . | . . . Kicked . | . . . Crushed . | . . . Highest Temperature 43 | . 43 9 Average Temperature 9 | . 9 9 Received Heat Transfer 552 | . 516 36 Siege Activations . | . . . Martial Activations . | . . . Shielding Activations . | . . . Robots Disrupted . | . . . Combat Hostiles . | . . . Robots Corrupted . | . . . Combat Hostiles . | . . . Parts Fried . | . . . Impact Corruptions . | . . . Robots Melted . | . . . Combat Hostiles . | . . . Parts Melted . | . . . Heat Transferred . | . . . Parts Sabotaged . | . . . Parts Stolen . | . . . Parts Stripped . | . . . Power Chain Reactions . | . . . Alert | -11 -10 -10 ------- Run | Yrd Mat Min Maximum Alert Level . | . . . Low Security (%) 100 | 100 100 100 Level 1 . | . . . Level 2 . | . . . Level 3 . | . . . Level 4 . | . . . Level 5 . | . . . High Security . | . . . Max Security . | . . . Peak Influence 154 | 15 154 101 Initial 55 | . . 55 Average 34 | 3 35 41 Influence Increases 781 | 30 690 61 Destroy 0b10 Robot/C 480 | . 440 40 Destroy 0b10 Robot/NC 115 | 30 80 5 Destroy Leader 120 | . 110 10 Allied During Kill 6 | . . 6 Successful Hack 15 | . 15 . Select Force Hacks 30 | . 30 . Lose Combat Pursuer 15 | . 15 . Influence Decreases 781 | 30 546 205 Entered New Map 89 | . . 89 Time Decay 602 | 30 476 96 Lost Part 70 | . 70 . Lost Ally 20 | . . 20 Squads Dispatched 6 | . 6 . Investigation 2 | . 2 . Extermination . | . . . Reinforcement 4 | . 4 . Assault . | . . . Garrison . | . . . Intercept . | . . . Searches Triggered . | . . . Construction Impeded . | . . . Haulers Reinforced . | . . . Active Scanning Responses . | . . . Cargo Convoy Interrupts . | . . . Stealth | -11 -10 -10 --------- Run | Yrd Mat Min Distress Signals 2 | . 2 . Communications Jammed . | . . . Distress Signals . | . . . Times Spotted 53 | . 36 17 Peak Tracking Total 19 | . 4 19 Tactical Retreats 2 | . 1 1 Traps | -11 -10 -10 ------- Run | Yrd Mat Min Traps Triggered 1 | . 1 . Indirectly . | . . . Trap Hack Attempts . | . . . Triggered . | . . . Disarmed . | . . . Reprogrammed 3 | . 3 . Reused . | . . . Traps Extracted . | . . . Installed . | . . . Triggered . | . . . Machines | -11 -10 -10 ---------- Run | Yrd Mat Min Machines Disabled . | . . . Max in Single Turn . | . . . Machines Repaired . | . . . Machines Dismantled . | . . . Machines Sabotaged . | . . . Overloaded Fab Kills . | . . . Hacking | -11 -10 -10 --------- Run | Yrd Mat Min Machines Accessed 8 | . 8 . Terminals 5 | . 5 . Fabricators . | . . . Repair Stations 1 | . 1 . Recycling Units 2 | . 2 . Scanalyzers . | . . . Garrison Access . | . . . Total Hacks 22 | . 22 . Successful 18 | . 18 . Failed 4 | . 4 . Catastrophic . | . . . Database Lockouts . | . . . Manual 17 | . 17 . Terminals 18 | . 18 . Fabricators . | . . . Repair Stations 2 | . 2 . Recycling Units 2 | . 2 . Scanalyzers . | . . . Garrison Access . | . . . Terminal Hacks 5 | . 5 . Robot Analysis 2 | . 2 . Terminal Index 1 | . 1 . Reprogram Traps 1 | . 1 . Zone Layout 1 | . 1 . Fabricator Hacks . | . . . Repair Station Hacks 2 | . 2 . Scan Component 1 | . 1 . Repair 1 | . 1 . Recycling Unit Hacks . | . . . Scanalyzer . | . . . Garrison Access Hacks . | . . . Unauthorized Hacks 11 | . 11 . Terminals 10 | . 10 . Botnet 5 | . 5 . Skim 5 | . 5 . Fabricators . | . . . Repair Stations . | . . . Recycling Units 1 | . 1 . Tunnel 1 | . 1 . Scanalyzers . | . . . Garrison Access . | . . . Data Cores Recovered . | . . . Used . | . . . Hacking Detections 7 | . 7 . Full Trace Events . | . . . Feedback Events . | . . . Feedback Blocked . | . . . Robot Schematics Acquired . | . . . Robots Built . | . . . Authchips . | . . . Time . | . . . Total Robot Build Rating . | . . . Part Schematics Acquired . | . . . Parts Built . | . . . Authchips . | . . . Time . | . . . Total Part Build Rating . | . . . Parts Repaired 1 | . 1 . Time 26 | . 26 . Parts Recycled . | . . . Recycled Matter . | . . . Retrieved Matter . | . . . Retrieved Components . | . . . Parts Scanalyzed . | . . . Part Schematics Acquired . | . . . Parts Damaged . | . . . Bothacking | -11 -10 -10 ------------ Run | Yrd Mat Min Used RIF Installer . | . . . Robots Hacked . | . . . Non-combat . | . . . Combat . | . . . Robot Hacks Applied . | . . . Relay Couplers Released . | . . . Fabnet Peak Effective % . | . . . Robots Rewired . | . . . Allies Hacked . | . . . Hacks Repelled . | . . . Allies | -11 -10 -10 -------- Run | Yrd Mat Min Total Allies 2 | . . 2 Largest Group 2 | . . 2 Highest-Rated Group 45 | . . 45 Highest-Rated Ally 31 | . . 31 Total Orders . | . . . Ally Attacks 23 | . . 23 Total Damage 211 | . . 211 Kills 3 | . . 3 Allies Corrupted . | . . . Allies Melted . | . . . Intel | -11 -10 -10 ------- Run | Yrd Mat Min Active Infowar (turns) 536 | 66 470 . Terrain 536 | 66 470 . Robot Analysis Total 2 | . 2 . Derelict Logs Recovered . | . . . Drone Launches . | . . . Drone Recoveries . | . . . Exploration | -11 -10 -10 ------------- Run | Yrd Mat Min Turns Passed 2655 | 142 2283 230 Spaces Moved 1214 | 62 1050 102 Core 5 | 5 . . Treads 1209 | 57 1050 102 Legs . | . . . Wheels . | . . . Hover . | . . . Flight . | . . . Fastest Speed 50 | 50 160 160 Average Speed 159 | 151 160 160 Slowest Speed 160 | 160 160 160 Overloaded Moves . | . . . Propulsion Burnouts . | . . . Robots Hopped . | . . . Potential Cave-ins . | . . . Cave-ins Triggered . | . . . Exploration Rate (%) 40 | 5 97 19 Regions Visited 2 Branch Regions 1 Pre-discovered Areas 1 | . 1 . Known Exits Taken . | . . . Unknown Exits Taken 2 | 1 1 . Scrap Searched . | . . . Spaces Dug . | . . . Terrain Destroyed . | . . . Melee . | . . . Projectile . | . . . AOE . | . . . Terrain Rammed . | . . . Walls Destroyed . | . . . Machines Disabled . | . . . Actions | -11 -10 -10 --------- Run | Yrd Mat Min Total 1569 | 85 1355 129 Wait 83 | . 81 2 Move 1212 | 61 1049 102 Hop . | . . . Pick Up 20 | 3 16 1 Fast Attach 13 | 7 6 . Attach 4 | . 4 . Detach 1 | . 1 . Swap 8 | . 6 2 Drop 10 | . 10 . Fire 218 | 14 182 22 Melee . | . . . Ram . | . . . Kick . | . . . Crush . | . . . Escape Stasis . | . . . Rewire . | . . . Trap . | . . . Miscellaneous . | . . . Route ------- -11/Scrapyard -10/Materials (discovered 5 exits: [*Mat x3] / [*Min x2]) -10/Mines History --------- Turn | Location | Event 5 | -11/Scrapyard | Discovered new exit (range 15) 143 | -11/Scrapyard | Entered Materials 315 | -10/Materials | Build established: Mutant 463 | -10/Materials | Discovered new exit (range 16) 664 | -10/Materials | Discovered new exit (range 16) 1136 | -10/Materials | Discovered new exit (range 15) 1187 | -10/Materials | Core integrity fell below 50% 1414 | -10/Materials | Discovered new exit (range 8) 1438 | -10/Materials | Discovered new exit (range 22) 1461 | -10/Materials | Build established: Scavenger-Mutant 1779 | -10/Materials | Repaired Lgt. Treads 2426 | -10/Materials | Entered Mines 2429 | -10/Mines | Core integrity fell below 20% 2603 | -10/Mines | Assembled infested the area 2608 | -10/Mines | Assisted by a Guerilla fighting off Assembled 2620 | -10/Mines | Build established: Mutant 2656 | -10/Mines | Destroyed by D-53 Grenadier with Mini Grenade Launcher Last Messages --------------- 02622_ HV Slug penetrates Wall. 02626_ as-18286 destroyed. 02627_ as-78148 destroyed. 02628_ as-13543 destroyed. 02629_ as-17968 destroyed. 02629_ HV Slug penetrates as-48179. 02629_ as-48179 destroyed. 02632_ as-57232 destroyed. 02637_ RB-S6K(g) destroyed. 02639_ as-76727 destroyed. 02640_ HV Slug penetrates D-53 Grenadier. 02640_ D-53 Grenadier suffers critical hit (Destroy). 02640_ D-53 Grenadier destroyed. 02640_ D-53 Grenadier knocked back. 02641_ 6P-3EB(h) destroyed. 02644_ Discarded Hacking Suite. 02646_ The unstable cave ceiling collapses. 02652_ Destroyed Lgt. Deuterium Engine. 02653_ The unstable cave ceiling collapses. 02656_ Lgt. Treads destroyed. Map ----- +----------------------------------------------------+ | ?????????????????????????????????????????????? | | ?????????????????????????????????????????????? | | ?????????????????????????????????????????????? | | ?????????????????????????????????????????????? | | ?????????????????????????????????????????????? | | ?????????????????????????????????????????????? | | ?????????????????????????????????????????????? | | ?????????????????????????????????????????????? | | ?????????????????????????????????????????????? | | ?????????????????????????????????????????????? | | ?????????????????????????????????????????????? | | ?????????????????????????????????????????????? | | ?????????????????????????????????????????????? | | ?????????????????????????????????????????????? | | ?????????????????????????????????????????????? | | ?????????????????????????????????????????????? | | ?????????????????????????????????????????????? | | ?????????????????????????????????????????????? | | ?????????????????????????????????????????????? | | ?????????????????????????????????????????????? | | ??????????????????????###????????????????????? | | ?????????????????????## #####?????#?????????? | | ????????????????????## #???? ??????????? | | ????????????????????# ##?? ???????????? | | ????????????????????## #? #????????????? | | ????????????????????# @ # #????????????? | | ????????????????????## #????????????? | | ?????????????????????# #????????????? | | ?????????????????## # #####????????????? | | ?????????? #d ##????????????????? | | ?????????? #?????????????????? | | ??????????" %] = ############??????? | | ??????????? ! % % *=#??????? | | ??????????? ###########%#??????? | | ???????????? #??????????#=#??????? | | ???????????? # # # #???????????#!#??????? | | ?????????????## ### # ##???????????# #??????? | | ??????????????#???#####?????????????# #??????? | | ????????????????????????????????????# #??????? | | ????????????????????????????????????# #??????? | | ????????????????????????????????????# #??????? | | ????????????????????????????????????# #??????? | | ????????????????????????????????????# #??????? | | ????????????????????????????????????# #??????? | | ????????????????????????????????????# #??????? | | ?????????????????????????????????#### ##?????? | | ??????????????????????####??????## % ##????? | | ?????????????????????## ######## #????? | | ?????????????????????# % ##???? | | ?????????????????????# !#### #???? | +----------------------------------------------------+ Best States ------------- Heat Dissipation 25 Energy Generation 14 Energy Capacity 250 Matter Stores 500 Matter Capacity 500 Sight Range 16 Terrain Scan Range 16 Terrain Scan Density 10 Propulsion Shielding 33 Weapon Shielding 33 Evasion (%) 40 Recoil Reduction 2 Offensive Hacking 10 Item Schematics ----------------- None Robot Schematics ------------------ None Fabricated ------------ Nothing Repaired ---------- Lgt. Treads | 2% | -10/Materials Alien Tech Used ----------------- None Achievements -------------- None Challenges ------------ None Game ------ Seed MiningNeutronSuite Manual? 0 Play Time 00:14:00 Cumulative 481.4 hours Start 2025.08.09 @ 19:28:06 End 2025.08.09 @ 19:40:21 Sessions 1 Manual Loads 0 Difficulty Rogue Special Mode None Game No. 265 Rogue 265 Adventurer 0 Explorer 0 Win Type - Total 5 Types 3/0/1/1/0/0/0/0/0/0 Lore% 86 Gallery% 75 Achievement% 68 Wizard Run 0 Options --------- Layout 2 ASCII 0 Keyboard 1 Movement Vi Keybinds 0 Fullscreen 1 Font 16/Tamsyn Map View 55x47 Zoom Use 0% Tactical HUD 1 Map Filters NONE Filters NONE Steam 0 RUN: 5205e9ce-7124-4a26-8fcd-893c963baafc